 Dungeon Crawl Stone Soup version 0.22.0-1-g6561e4c (webtiles) character file.

2832 magipi the Archer (level 9, -2/59 HPs)
             Began as a Gargoyle Arcane Marksman on Aug 12, 2018.
             Was a Believer of Zin.
             Slain by a human
             ... wielding a +0 long sword
              (4 damage)
             ... on level 8 of the Dungeon.
             The game lasted 00:27:22 (10425 turns).

magipi the Archer (Gargoyle Arcane Marksman)       Turns: 10425, Time: 00:27:23

Health: -2/59      AC: 13    Str: 15    XL:     9   Next: 73%
Magic:  10/10      EV:  9    Int: 16    God:    Zin [**....]
Gold:   282        SH:  0    Dex: 10    Spells: 9/10 levels left

rFire    . . .     SeeInvis .   b - +4 war axe
rCold    . . .     Gourm    .   (no shield)
rNeg     + . .     Faith    .   k - +1 scale mail
rPois    ∞         Spirit   .   (no helmet)
rElec    +         Reflect  .   (no cloak)
rCorr    .         Harm     .   (no gloves)
MR       .....                  (no boots)
Stlth    +.........             (no amulet)
HPRegen  0.19/turn              h - ring of stealth
MPRegen  0.12/turn              (no ring)

@: drained
A: negative energy resistance 1, electricity resistance, unbreathing,
petrification resistance, rot immunity, AC +6
a: Recite, Vitalisation, Donate Gold, Renounce Religion


You were on level 8 of the Dungeon.
You worshipped Zin.
Zin was pleased with you.
You were not hungry.

You visited 2 branches of the dungeon, and saw 9 of its levels.

You collected 313 gold pieces.
You donated 31 gold pieces to Zin.

Inventory:

Hand Weapons
 a - a +1 shortbow
 b - a +4 war axe (weapon)
   (You took it off a wight on level 5 of the Dungeon)
 j - a +0 dagger
   (You found it on level 1 of the Dungeon)
 m - a +1 dagger of chaos
   (You took it off a crimson imp on level 5 of the Dungeon)
Missiles
 d - 31 arrows
 s - a throwing net (quivered)
Armour
 k - a +1 scale mail (worn)
   (You found it on level 1 of the Dungeon)
Jewellery
 h - a ring of stealth (left hand)
   (You found it on level 4 of the Dungeon)
Wands
 n - a wand of random effects (34)
   (You found it on level 6 of the Dungeon)
 o - a wand of iceblast (7)
   (You found it on level 2 of the Dungeon)
 r - a wand of polymorph (14)
   (You found it on level 3 of the Dungeon)
Scrolls
 c - a scroll of blinking
 i - 3 scrolls of teleportation
 q - a scroll of fear {unknown}
 t - a scroll of remove curse
 u - a scroll of identify
Potions
 e - 4 potions of mutation
 g - a potion of berserk rage {unknown}
 l - a potion of flight
 p - a potion of curing
Comestibles
 f - 3 rations


   Skills:
 + Level 8.3(7.5) Fighting
 - Level 10.3(9.5) Bows
 + Level 2.1(1.5) Armour
 + Level 2.3(1.7) Dodging
 - Level 1.0(0.3) Spellcasting
 - Level 2.6(2.0) Hexes


You had 9 spell levels left.
You knew the following spells:

 Your Spells              Type           Power        Failure   Level  Hunger
a - Corona                Hex            #......      38%         1    ##.....

Your spell library contained the following spells:

 Spells                   Type           Power        Failure   Level  Hunger
 Cause Fear               Hex            #.........   99%         4    #####..
 Apportation              Tloc           #.....       67%         1    ##.....
 Slow                     Hex            #.......     54%         2    ###....
 Summon Small Mammal      Summ           #...         67%         1    ##.....
 Animate Skeleton         Necr           N/A          67%         1    ##.....
 Confusing Touch          Hex            #.....       38%         1    ##.....
 Portal Projectile        Hex/Tloc       #.....       88%         3    ####...
 Leda's Liquefaction      Hex/Erth       #.........   99%         4    #####..
 Inner Flame              Hex/Fire       #.......     88%         3    ####...


Dungeon Overview and Level Annotations

Branches:
Dungeon (8/15)             Temple (1/1) D:7
   Lair: D:8-11

Altars:
Ashenzari
Cheibriados
Dithmenos
Elyvilon
Fedhas
Gozag
Hepliaklqana
Kikubaaqudgha
Makhleb
Nemelex Xobeh
Okawaru
Qazlal
Ru
Sif Muna
Trog
Uskayaw
Vehumet
Wu Jian
Xom
Yredelemnul
Zin


Innate Abilities, Weirdness & Mutations

You are resistant to torment.
Your stone body is resilient. (AC +6)
You are immune to poison.
You resist negative energy. (rN+)
You are resistant to electric shocks. (rElec)
You can survive without breathing.
You are immune to petrification.
You are immune to rotting.


Message History

You hit the human.
The human is lightly wounded.
The human hits you but does no damage. x2
You closely miss the human.
The human is lightly wounded.
The human hits you with a long sword.
You hit the human.
The human is lightly wounded.
The human closely misses you.
You hit the human.
The human is moderately wounded.
The human hits you but does no damage.
You closely miss the human.
The human is moderately wounded.
The human hits you but does no damage. The human misses you.
You hit the human.
The human is moderately wounded.
The human hits you with a long sword.
You hit the human.
The human is moderately wounded.
The human closely misses you.
You hit the human.
The human is heavily wounded.
The human hits you but does no damage.
You hit the human but do no damage.
The human is heavily wounded.
The human hits you with a long sword. The human hits you with a long sword!
You slash the human!
The human is severely wounded.
The human hits you with a long sword.
You closely miss the human.
The human is severely wounded.
The human hits you with a long sword.
You closely miss the human.
The human is severely wounded.
The human hits you but does no damage.
You hit the human but do no damage.
The human is severely wounded.
The human hits you but does no damage. x2
You slash the human!
You kill the human!
Your base Armour skill increases to level 2!
The human hits you with a long sword.
There is a stone staircase leading up here.
You slash the human!
The human is moderately wounded.
The human hits you with a long sword.
You hit the human.
The human is moderately wounded.
The human hits you with a long sword.
Your scale mail prevents you from hitting the human.
The human is moderately wounded.
The human barely misses you.
You barely miss the human.
The human is moderately wounded.
The human hits you but does no damage. x2
You closely miss the human.
The human is moderately wounded.
The human hits you but does no damage.
Your scale mail prevents you from hitting the human.
The human is moderately wounded.
The human hits you but does no damage.
You hit the human.
The human is heavily wounded.
The human hits you with a long sword!
* * * LOW HITPOINT WARNING * * *
You barely miss the human.
The human is heavily wounded.
The human hits you with a long sword.
* * * LOW HITPOINT WARNING * * *
The human barely misses you.
You hit the human but do no damage.
The human is heavily wounded.
The human barely misses you.
Unknown command.
You barely miss the human.
The human is heavily wounded.
The human hits you but does no damage.
Your scale mail prevents you from hitting the human.
The human is heavily wounded.
The human closely misses you.
Unknown command.
You closely miss the human.
The human is heavily wounded.
The human closely misses you. The human barely misses you.
You hit the human but do no damage.
The human is heavily wounded.
The human hits you but does no damage.
Unknown command.
You hit the human.
The human is heavily wounded.
The human hits you with a long sword!
* * * LOW HITPOINT WARNING * * *
You hit the human but do no damage.
The human is heavily wounded.
The human barely misses you.
You miss the human.
The human is heavily wounded.
The human hits you but does no damage. The human hits you with a long sword.
You die...

.# .. .# ##.
... #.# #.#
#@# #p#
###.####
#......#
#.#.##.####
#.........#
#.###.###.....
...# #)# #
..?. .#.
#.#.#.# ...


You could see a human.

Vanquished Creatures
  A human (D:8)
  A hungry ghost (D:7)
  A water moccasin (D:7)
  3 ice beasts
  2 phantoms
  An orc warrior (D:7)
  A centaur (D:7)
  3 bullfrogs (D:7)
  A water moccasin skeleton (D:7)
  13 killer bees (D:7)
  4 wights
  5 crimson imps
  A jelly (D:7)
  2 hounds
  A centaur skeleton (D:4)
  An orc priest (D:7)
  4 orc wizards
  An iguana (D:6)
  4 worker ants
  A hound skeleton (D:7)
  3 hound zombies
  A howler monkey zombie (D:6)
  8 gnolls
  A howler monkey skeleton (D:4)
  4 adders
  2 oozes
  An adder zombie (D:5)
  A worm (D:3)
  A dart slug (D:2)
  3 leopard geckos (D:1)
  13 orcs
  7 giant cockroaches
  4 goblins
  4 hobgoblins
  7 jackals
  14 kobolds
  5 quokkas
  A ball python (D:1)
  7 bats
  4 frilled lizards
  A leopard gecko skeleton (D:6)
  A quokka skeleton (D:7)
  9 rats
153 creatures vanquished.

Notes
Turn   | Place    | Note
-------+----------+-------------------------------------------
     0 | D:1      | magipi the Gargoyle Arcane Marksman began the quest for the Orb.
     0 | D:1      | Reached XP level 1. HP: 12/12 MP: 2/2
   135 | D:1      | Reached XP level 2. HP: 16/16 MP: 3/3
  1040 | D:1      | Reached skill level 3 in Bows
  1046 | D:1      | Reached XP level 3. HP: 21/21 MP: 4/4
  1624 | D:2      | Found a sparkling altar of Nemelex Xobeh.
  2000 | D:2      | Found a blossoming altar of Fedhas.
  2163 | D:2      | Reached XP level 4. HP: 27/27 MP: 5/5
  2324 | D:2      | Found a shadowy altar of Dithmenos.
  3025 | D:3      | Reached skill level 4 in Bows
  3252 | D:3      | Found a hazy altar of Hepliaklqana.
  3255 | D:3      | Found a stormy altar of Qazlal.
  3255 | D:3      | Found a glowing golden altar of the Shining One.
  3257 | D:3      | Found a snail-covered altar of Cheibriados.
  3257 | D:3      | Found a shimmering altar of Xom.
  3257 | D:3      | Found a glowing silver altar of Zin.
  3556 | D:4      | Found a blossoming altar of Fedhas.
  3622 | D:4      | Reached XP level 5. HP: 18/32 MP: 6/6
  4065 | D:4      | Reached skill level 5 in Bows
  4167 | D:4      | Reached XP level 6. HP: 36/37 MP: 7/7
  4397 | D:5      | Entered Level 5 of the Dungeon
  4434 | D:5      | Noticed an ice beast
  4632 | D:5      | Paralysed by a crimson imp for 2 turns
  4695 | D:5      | Noticed a phantom
  4845 | D:5      | Killed a phantom
  5284 | D:5      | Noticed an ice beast
  5336 | D:4      | Killed an ice beast
  5336 | D:4      | Reached skill level 6 in Bows
  5336 | D:4      | Reached XP level 7. HP: 26/44 MP: 8/8
  5551 | D:4      | HP: 2/44 [gnoll/flail (4)]
  6259 | D:5      | Reached skill level 5 in Fighting
  6385 | D:5      | Found a stormy altar of Qazlal.
  6469 | D:5      | Found a hazy altar of Hepliaklqana.
  6538 | D:5      | Found a shimmering altar of Xom.
  6541 | D:5      | Found a burning altar of Makhleb.
  6623 | D:6      | Reached skill level 7 in Bows
  6833 | D:6      | Reached XP level 8. HP: 17/50 MP: 9/9
  7340 | D:6      | Reached skill level 8 in Bows
  7433 | D:6      | Found a bloodstained altar of Trog.
  7901 | D:6      | Found a sacrificial altar of Ru.
  8396 | D:7      | Reached skill level 9 in Bows
  8692 | D:7      | Reached XP level 9. HP: 26/57 MP: 10/10
  9000 | D:7      | Reached skill level 10 in Bows
  9427 | D:7      | Found a staircase to the Ecumenical Temple.
  9433 | Temple   | Entered the Ecumenical Temple
  9451 | Temple   | Became a worshipper of Zin the Law-Giver
  9451 | Temple   | Reached * piety under Zin
 10134 | D:7      | Reached skill level 1 in Armour
 10139 | D:7      | Reached ** piety under Zin
 10377 | D:8      | Found an iron altar of Okawaru.
 10423 | D:8      | HP: 1/59 [human/long sword (8)]
 10425 | D:8      | Slain by a human

Skill      XL: |  1  2  3  4  5  6  7  8  9 |
---------------+----------------------------+-----
Bows           | 3 4 5 6 7 9 10 | 10.3
Fighting       | 2 3 4 5 7 8 |  8.3
Armour         | 2 |  2.1
Dodging        | 2 |  2.3
Spellcasting   | |  1.0
Hexes          | |  2.6

Action                   |  1- 3 |  4- 6 |  7- 9 || total
-------------------------+-------+-------+-------++-------
Melee: Dagger            |    63 |   147 |   187 ||   397
       War axe           |       |       |   179 ||   179
 Fire: Shortbow          |    90 |   202 |   227 ||   519
Throw: Throwing net      |       |       |     1 ||     1
  Use: Scroll            |       |     8 |     2 ||    10
       Potion            |       |       |     8 ||     8
 Stab: Invisible         |       |     1 |       ||     1
       Petrified         |       |       |     8 ||     8
       Paralysed         |       |       |     7 ||     7
  Eat: Chunk             |     3 |     7 |     8 ||    18
       Ration            |       |     1 |     5 ||     6
Armor: Robe              |    26 |       |       ||    26
       Scale mail        |    31 |   143 |   354 ||   528
Dodge: Dodged            |    75 |   143 |   259 ||   477

Action                   |  1- 3 |  4- 6 |  7- 9 || total
-------------------------+-------+-------+-------++-------
Melee: Dagger            |    63 |   147 |   187 ||   397
       War axe           |       |       |   179 ||   179
 Fire: Shortbow          |    90 |   202 |   227 ||   519
Throw: Throwing net      |       |       |     1 ||     1
  Use: Scroll            |       |     8 |     2 ||    10
       Potion            |       |       |     8 ||     8
 Stab: Invisible         |       |     1 |       ||     1
       Petrified         |       |       |     8 ||     8
       Paralysed         |       |       |     7 ||     7
  Eat: Chunk             |     3 |     7 |     8 ||    18
       Ration            |       |     1 |     5 ||     6
Armor: Robe              |    26 |       |       ||    26
       Scale mail        |    31 |   143 |   354 ||   528
Dodge: Dodged            |    75 |   143 |   259 ||   477
